 Dungeon Crawl Stone Soup version 0.28.0-45-g0d030f2227 (webtiles) character file.

Game seed: 17141192346883031746

3871 CuBeRJAN3 the Basher (level 10, -29/64 HPs)
             Began as a Gargoyle Cinder Acolyte on Apr 8, 2022.
             Was an Initiate of Ignis.
             Annihilated by a white ugly thing (30 damage)
             ... on level 8 of the Dungeon on Apr 20, 2022.
             The game lasted 00:36:22 (10915 turns).

CuBeRJAN3 the Basher (Gargoyle Cinder Acolyte)     Turns: 10915, Time: 00:36:22

Health: -29/64     AC: 26    Str: 22    XL:     10   Next: 19%
Magic:  0/11       EV:  5    Int: 15    God:    Ignis [......]
Gold:   379        SH: 18    Dex:  5    Spells: 11/11 levels left

rFire   + . .      SeeInvis +   A - +2 morningstar (protect)
rCold   . . .      Faith    .   g - +2 kite shield
rNeg    + . .      Spirit   +   l - +0 plate armour
rPois   ∞          Reflect  .   h - +2 helmet
rElec   +          Harm     .   u - +0 cloak
rCorr   .          Rampage  .   i - +0 pair of gloves
Will    .....                   (no boots)
Stlth   ..........              t - brooch of Shielding {Spirit SH+8}
HPRegen 0.20/turn               o - ring of flight
MPRegen 0.12/turn               m - ring of see invisible

@: brilliant, rising, flying
A: sickness immunity, AC +7, negative energy resistance 1, electricity
resistance, torment resistance 1, petrification resistance
a: Renounce Religion


You were on level 8 of the Dungeon.
You worshipped Ignis.
Ignis was noncommittal.
You visited 2 branches of the dungeon, and saw 9 of its levels.

You collected 451 gold pieces.
You spent 72 gold pieces at shops.

Inventory:

Hand Weapons
 a - a +1 mace of flaming
 A - a +2 morningstar of protection (weapon)
Armour
 b - a +0 robe
 g - a +2 kite shield (worn)
 h - a +2 helmet (worn)
 i - a +0 pair of gloves (worn)
 l - a +0 plate armour (worn)
 u - a +0 cloak (worn)
Jewellery
 m - a ring of see invisible (right hand)
 o - a ring of flight (left hand)
 t - the brooch of Shielding (around neck) {Spirit SH+8}
   (You acquired it on level 6 of the Dungeon)

   [amulet of guardian spirit]

   It causes incoming damage to be divided between your reserves of health and
   magic.
   SH:        It affects your SH (+8).
Wands
 x - a wand of iceblast (6)
 y - a wand of acid (15)
 B - a wand of paralysis (10)
 C - a wand of mindburst (19)
Scrolls
 c - a scroll of amnesia
 e - 5 scrolls of teleportation
 f - 2 scrolls of blinking
 k - a scroll of fear
 q - 2 scrolls of silence
 v - 2 scrolls of fog {unknown}
Potions
 j - 2 potions of haste
 p - a potion of degeneration {unknown}
 r - 3 potions of ambrosia {unknown}
 s - 2 potions of curing
 w - a potion of attraction {unknown}
 z - a potion of flight {unknown}
Miscellaneous
 n - a piece from Xom's chessboard (15/15)


   Skills:
 + Level 8.0 Fighting
 * Level 9.3 Maces & Flails
 + Level 8.0 Armour
 - Level 1.0 Dodging
 + Level 5.7 Shields
 - Level 1.0 Spellcasting
 - Level 3.0 Fire Magic


You had 11 spell levels left.
You didn't know any spells.
Your spell library contained the following spells:

 Spells                   Type           Power      Damage    Failure   Level
 Scorch                   Fire           28%        2d6       99%         2
 Animate Skeleton         Necr           2%         N/A       100%        1
 Apportation              Tloc           2%         N/A       100%        1
 Pain                     Necr           4%         1d4       100%        1
 Summon Small Mammal      Summ           4%         N/A       100%        1
 Blink                    Tloc           2%         N/A       100%        2
 Static Discharge         Conj/Air       1%         N/A       100%        2
 Conjure Flame            Conj/Fire      7%         6-21      100%        3
 Dazzling Flash           Conj/Hex       2%         N/A       100%        3
 Ignite Poison            Fire/Tmut/Pois 5%         N/A       100%        3
 Lesser Beckoning         Tloc           1%         N/A       100%        3
 Tukima's Dance           Hex            1%         N/A       100%        3
 Iskenderun's Mystic Bla  Conj/Tloc      1%         2d3       100%        4
 Passage of Golubria      Tloc           1%         N/A       100%        4
 Sticky Flame             Conj/Fire      7%         2d3       100%        4
 Agony                    Necr           1%         N/A       100%        5
 Alistair's Intoxication  Tmut/Pois      0%         N/A       100%        5
 Excruciating Wounds      Necr           0%         N/A       100%        5
 Lightning Bolt           Conj/Air       0%         1d11      100%        5
 Manifold Assault         Tloc           1%         N/A       100%        5
 Yara's Violent Unravell  Hex/Tmut       0%         3d3       100%        5
 Starburst                Conj/Fire      3%         6d3       100%        6
 Maxwell's Capacitive Co  Air            0%         ∞         100%        8


Dungeon Overview and Level Annotations

Branches:
Dungeon (8/15)             Temple (1/1) D:6
   Lair: D:8-11

Altars:
Ashenzari
Cheibriados
Dithmenos
Elyvilon
Fedhas
Gozag
Hepliaklqana
Kikubaaqudgha
Makhleb
Nemelex Xobeh
Okawaru
Qazlal
Ru
Sif Muna
Trog
Uskayaw
Vehumet
Wu Jian
Xom
Yredelemnul
Zin
The Shining One

Shops:
D:4 (   D:5 *


Innate Abilities, Weirdness & Mutations

You are immune to sickness and miasma.
Your stone body is resilient. (AC +7)
You are immune to poison.
You resist negative energy. (rN+)
You are resistant to electric shocks. (rElec)
You are resistant to unholy torment.
You are immune to petrification.


Message History

Found a red potion.
There is an open door here.
A white ugly thing comes into view.
The white ugly thing gurgles horribly!
The white ugly thing moves out of view.
A white ugly thing is nearby!
A white ugly thing is nearby!
Okay, then.
Unknown command.
You feel clever all of a sudden.
You barely miss the white ugly thing.
The white ugly thing closely misses you.
You hit the white ugly thing.
Your weapon exudes an aura of protection.
The white ugly thing is lightly wounded.
The white ugly thing claws you but does no damage.
You barely miss the white ugly thing.
The white ugly thing is lightly wounded.
You block the white ugly thing's attack. x2
You hit the white ugly thing.
The white ugly thing is lightly wounded.
The white ugly thing claws you but does no damage.
You thump the white ugly thing!
The white ugly thing is moderately wounded.
The white ugly thing claws you but does no damage.
You bludgeon the white ugly thing!!
The white ugly thing is severely wounded.
The white ugly thing claws you but does no damage.
You barely miss the white ugly thing.
The white ugly thing is severely wounded.
The white ugly thing claws you. The white ugly thing freezes you!!
You closely miss the white ugly thing.
The white ugly thing is heavily wounded.
You block the white ugly thing's attack.
The white ugly thing claws you. The white ugly thing freezes you!!
* * * LOW HITPOINT WARNING * * *
You begin to rise into the air.
The white ugly thing claws you.
* * * LOW HITPOINT WARNING * * *
The white ugly thing freezes you!!
You die...

#....# #..^.###
#...... #....#
##### #....# #...#
#....#
#...####....#######
#!@.#..'....'......
#.u.#.##....##.....
#...#.########.....
#...'...# #....≈
#...#(#.# #....≈
###.#.#.# #..≈≈.
#.#+# . #..... #..
#. #..... +... .#
#.....


You could see a white ugly thing.

Vanquished Creatures
  A gargoyle (D:7)
  Grum (D:8)
  Menkaure (D:6)
  A water moccasin (D:7)
  Duvessa (D:5)
  An ice beast (D:5)
  2 orc warriors
  A necrophage (D:8)
  2 sky beasts
  4 wolves
  2 ogres
  A centaur (D:8)
  Blork the orc (D:4)
  A kobold brigand (D:6)
  4 bullfrogs
  A scorpion (D:5)
  A gnoll sergeant (D:8)
  A wyvern zombie (D:6)
  A water moccasin zombie (D:5)
  Dowan (D:5)
  3 killer bees
  A wight (D:8)
  2 howler monkeys (D:7)
  A hound (D:7)
  3 centaur zombies
  A bullfrog zombie (D:6)
  7 orc priests
  2 iguanas
  Jessica (D:3)
  5 orc wizards
  A killer bee zombie (D:8)
  2 howler monkey zombies
  3 adders
  4 gnolls
  2 white imps (D:7)
  An ufetubus (D:4)
  A worm (D:2)
  3 dart slugs
  21 orcs
  2 bats
  7 endoplasms
  2 giant cockroaches (D:1)
  8 goblins
  6 hobgoblins
  8 jackals
  4 quokkas
  5 ball pythons
  3 frilled lizards
  6 kobolds
  5 rats (D:1)
149 creatures vanquished.

Vanquished Creatures (others)
  134 foxfires
  11 plants (D:1)
145 creatures vanquished.

Grand Total: 294 creatures vanquished

Notes
Turn   | Place    | Note
-------+----------+-------------------------------------------
     0 | D:1      | CuBeRJAN3 the Gargoyle Cinder Acolyte began the quest for
                  | the Orb.
     0 | D:1      | Reached XP level 1. HP: 14/14 MP: 2/2
   180 | D:1      | Reached XP level 2. HP: 7/19 MP: 3/3
   510 | D:1      | Found a faded altar of an unknown god.
   774 | D:1      | Reached XP level 3. HP: 19/23 MP: 4/4
  1153 | D:1      | Reached skill level 1 in Dodging
  1837 | D:2      | Reached skill level 1 in Armour
  1843 | D:2      | Reached XP level 4. HP: 19/29 MP: 5/5
  2044 | D:3      | Found a shimmering altar of Xom.
  2549 | D:3      | Reached skill level 4 in Maces & Flails
  2549 | D:3      | Reached XP level 5. HP: 12/33 MP: 6/6
  3487 | D:3      | Noticed Jessica
  3496 | D:3      | Killed Jessica
  3975 | D:4      | Reached XP level 6. HP: 39/39 MP: 7/7
  4271 | D:4      | Noticed Blork the orc
  4290 | D:4      | Killed Blork the orc
  4842 | D:4      | Reached skill level 5 in Fighting
  5019 | D:4      | Found Ofojeon's Antique Weapon Boutique.
  5338 | D:5      | Entered Level 5 of the Dungeon
  5338 | D:5      | Noticed Duvessa
  5429 | D:5      | Noticed a sky beast
  5559 | D:4      | Killed a sky beast
  5560 | D:4      | Reached XP level 7. HP: 38/44 MP: 8/8
  5638 | D:5      | Reached skill level 5 in Maces & Flails
  5638 | D:5      | Reached skill level 5 in Armour
  6087 | D:5      | Noticed Dowan
  6108 | D:5      | Reached skill level 1 in Shields
  6122 | D:5      | Killed Dowan
  6123 | D:5      | Reached XP level 8. HP: 39/51 MP: 9/9
  6224 | D:5      | Killed Duvessa
  6425 | D:5      | Found Icsi's General Store.
  6428 | D:5      | Bought a scroll of teleportation for 36 gold pieces
  6428 | D:5      | Bought a potion of curing for 36 gold pieces
  6508 | D:5      | Found a shimmering blue altar of Sif Muna.
  6736 | D:6      | Reached skill level 6 in Maces & Flails
  7593 | D:6      | Reached skill level 7 in Maces & Flails
  7756 | D:6      | Found a staircase to the Ecumenical Temple.
  7775 | D:6      | Reached XP level 9. HP: 55/56 MP: 10/10
  7970 | D:6      | Noticed Menkaure
  7976 | D:6      | Killed Menkaure
  7998 | D:6      | Identified a scroll of acquirement
  8000 | D:6      | Acquired the brooch of Shielding {Spirit SH+8}
  8000 | D:6      | Found the brooch of Shielding {Spirit SH+8}
  8451 | Temple   | Entered the Ecumenical Temple
  8726 | D:7      | Noticed a gargoyle
  8776 | D:7      | Killed a gargoyle
  8843 | D:7      | Found a glowing silver altar of Zin.
  8852 | D:7      | Found an ancient bone altar of Kikubaaqudgha.
  8853 | D:7      | Found a glowing golden altar of the Shining One.
  8853 | D:7      | Found a bloodstained altar of Trog.
  9115 | D:7      | Reached skill level 8 in Maces & Flails
  9830 | D:8      | Noticed Grum
  9842 | D:8      | Reached skill level 5 in Shields
 10303 | D:7      | Reached XP level 10. HP: 45/64 MP: 9/11
 10640 | D:8      | Killed Grum
 10641 | D:8      | Reached skill level 9 in Maces & Flails
 10899 | D:8      | Noticed a white ugly thing
 10915 | D:8      | HP: 1/64 [white ugly thing (4)]
 10915 | D:8      | Annihilated by a white ugly thing

Illustrated notes

Levels and vault maps discovered:
D:1:      minmay_arrival_plants_in_alcoves, layout_basic,
          hellmonk_ecumenical_altar_crossroads, chequers_decorated_corner,
          serial_bayou_pond_c
D:2:      layout_basic, hangedman_decor_diamond_cutter, serial_bayou_pond_e
D:3:      layout_rooms, xom_butterflies, kennysheep_jessica_study
D:4:      layout_cave_pools, serial_shops, nicolae_shop_statue_plus,
          corexii_item_surrounded_by_moat, eino_curves_02,
          nicolae_figureground_pulse, uniq_blork_the_orc
D:5:      layout_gridville, led_sif_pool, serial_shops, kennysheep_mini_moat,
          uniq_duvessa
D:6:      layout_basic, minmay_temple_entry_statues_fountains, uniq_menkaure
D:7:      layout_basic, chequers_temple_overflow_statue_of_worship
D:8:      layout_basic, minmay_fractal_squares_diagonal_5, uniq_grum
Temple:   eino_temple_scatter_basement

Skill      XL: |  1  2  3  4  5  6  7  8  9 10 |
---------------+-------------------------------+-----
Dodging        | 1 |  1.0
Armour         | 1 2 3 4 5 6 7 8 |  8.0
Fighting       | 4 5 6 7 8 |  8.0
Maces & Flails | 4 5 7 8 9 |  9.3
Shields        | 1 3 5 |  5.7
Spellcasting   | |  1.0
Fire Magic     | |  3.0

Action                   |  1- 3 |  4- 6 |  7- 9 | 10-12 || total
-------------------------+-------+-------+-------+-------++-------
Melee: Mace              |   119 |   255 |   271 |       ||   645
       Punch             |       |     1 |     2 |       ||     3
       Morningstar       |       |       |    51 |    64 ||   115
Invok: Foxfire Swarm     |     1 |       |     6 |     1 ||     8
       Fiery Armour      |       |       |     1 |       ||     1
       Rising Flame      |       |       |       |     1 ||     1
  Use: Scroll            |       |     5 |     8 |       ||    13
       Potion            |       |       |     5 |     1 ||     6
Armor: Robe              |    49 |    65 |       |       ||   114
       Plate armour      |       |   151 |   263 |    39 ||   453
Dodge: Dodged            |    73 |   132 |    84 |    15 ||   304
Block: Kite shield       |       |       |   262 |    65 ||   327
